AoeStats
← Ux'RaúlME

Hideout

509712408Analyzed
1v1 RM · 4d ago on Sep 27, 2026· 31m 52s· 2 players
Game mode
Random Map
Map size
Tiny (2 player)
Population
200
Speed
Normal
Resources
Standard
Victory
Conquest
Starting age
Dark Age
Ending age
Imperial Age
RankedLock teamsTeams togetherTeam positionsShared explorationLock speedFull tech treeHidden civsTurbo modeCheats
Victory
Defeat
🇲🇽 Italians · Mexico
1358
+18
🇭🇺 Varangians · Hungary
1405
-18
Ux'RaúlME
10:02 Feudal Age
10:03 Loom
13:43 Castle Age
20:21 Fletching
25:39 Bodkin Arrow
29:36 Padded Archer Armor
Nessius Blaze
7:13 Loom
9:46 Feudal Age
9:55 Man-at-Arms
10:25 Arson
10:42 Man-at-Arms
11:08 Arson
11:54 Double-Bit Axe
14:35 Horse Collar
20:28 Fletching
24:44 Castle Age
23:26 Scale Mail Armor
23:37 Forging
24:30 Gold Mining
Connection lost

Rejoining the realm…

Still unreachable

The connection could not be restored.

Session expired

The server has moved on; the page needs a fresh start.